Map: Galactic Process LE

Players

Gracz

  • Race: Terran Terran
  • League: Silver

Krazydreamer - Winner!

  • Race: Protoss Protoss
  • League: Bronze

VOD

Have the link to the VOD?

Description

Time

  • Played on: Sept. 24, 2016, 3:25 p.m.
  • Length: 25:08
Show
View Real Time Build Order
Export as new Build Order

Gracz Terran 

Build Orders: MMM Bio 

Get SALT Encoding   

  12  0:01  SCV  
  13  0:16  Supply Depot  
  13  0:19  SCV  
  14  0:38  Barracks  
  14  0:40  SCV  
  15  0:50  Refinery  
  15  0:52  SCV  
  16  1:04  SCV  
  17  1:16  SCV  
  18  1:23  Barracks  
  18  1:28  Barracks Tech Lab, Barracks, SCV  
  19  1:40  SCV  
  19  1:41  Refinery  
  20  1:57  Marine  
  21  2:31  Barracks Reactor x2  
  21  2:37  Marine  
  22  2:58  Engineering Bay  
  22  3:02  Factory  
  22  3:10  Marine  
  23  3:19  Supply Depot  
  23  3:36  Orbital Command  
  23  3:40  Marine x3  
  23  3:41  Marauder  
  28  3:44  Supply Depot  
  28  4:09  Marine, Marauder  
  31  4:19  Factory Tech Lab  
  31  4:26  Stimpack  
  31  4:30  Marauder  
  33  4:49  Marine  
  33  4:50  Marine x3  
  33  4:52  Marauder  
  39  5:13  Marine x3  
  31  6:21  Marine  
  31  6:22  Marine x4  
  35  6:39  Marine  
  34  6:40  Marine x4  
  30  6:57  Marine  
  31  7:08  Command Center  
  31  7:12  Marauder  
  31  7:15  Combat Shields  
  33  7:19  Command Center  
  33  7:33  Marauder  
  34  7:52  Marine x4  
  34  7:55  Marauder  
  39  8:10  Marine x2  
  36  8:16  Marauder  
  36  8:44  Marine  
  37  9:08  Marine  
  37  9:09  Marine x4  
  41  9:18  Starport  
  41  9:26  Marine  
  39  9:37  Missile Turret  
  39  9:38  Missile Turret  
  22  10:13  Missile Turret, Medivac  
  24  10:15  Orbital Command  
  23  10:36  Missile Turret  
  20  10:52  SCV  
  21  11:02  Missile Turret  
  21  11:21  Marine  
  21  11:22  Marine x4, Command Center  
  25  11:39  Marine  
  26  11:40  Marine x4, Command Center  
  26  11:41  Liberator  
  26  11:46  SCV  
  31  11:57  Marine  
  35  12:21  Marine  
  35  12:22  Marine x3  
  38  12:39  Marine  
  36  13:05  Starport  
  36  13:08  Missile Turret  
  36  13:18  Medivac  
  38  13:26  Marine x2  
  40  13:29  Missile Turret  
  40  13:49  Missile Turret  
  40  13:58  Medivac  
  40  13:59  Medivac  
  41  14:19  Marine x3  
  44  14:33  SCV  
  44  14:35  SCV  
  46  14:45  SCV  
  47  14:50  Missile Turret  
  47  14:54  SCV  
  47  14:55  SCV  
  47  14:57  SCV  
  50  15:06  SCV  
  51  15:07  SCV  
  52  15:19  Orbital Command  
  52  15:21  Orbital Command  
  52  15:22  SCV x2  
  54  15:31  Marauder  
  54  15:32  Concussive Shells  
  54  15:33  Marine  
  54  15:34  Marine, SCV x2  
  60  15:36  Terran Infantry Armor Level 1  
  60  15:47  SCV  
  60  15:48  SCV  
  60  15:49  Armory  
  62  16:08  SCV x4  
  66  16:20  SCV x4  
  70  16:32  SCV x4  
  74  16:33  Missile Turret  
  74  16:36  Medivac  
  76  16:44  SCV x3  
  79  16:47  Marine x2  
  79  16:49  Marine x2  
  83  16:56  Refinery  
  83  16:59  SCV x3  
  83  17:00  SCV  
  87  17:13  Medivac x2  
  91  17:19  Marine  
  92  17:24  Marine x4  
  92  17:28  Supply Depot  
  96  17:36  Marine  
  97  17:43  Medivac x2  
  101  17:49  Marauder  
  103  18:05  Refinery  
  103  18:10  Marauder  
  105  18:27  Marine x4  
  105  18:29  Terran Infantry Armor Level 2  
  105  18:31  Marauder  
  111  18:36  Engineering Bay  
  111  18:40  SCV  
  112  18:42  Refinery, SCV  
  112  18:45  Marine x3  
  116  18:53  Supply Depot  
  116  18:54  Marine, SCV, Marauder  
  116  18:55  SCV  
  121  18:58  Supply Depot  
  121  19:02  Marine  
  121  19:03  Marine x2, Supply Depot  
  121  19:05  Terran Infantry Weapons Level 1  
  124  19:14  Marine  
  124  19:16  Marauder  
  127  19:20  Marine  
  127  19:21  Marine x2  
  130  19:32  Marine  
  130  19:37  Marauder  
  130  19:38  Marine  
  133  19:39  Marine x2  
  133  19:42  Medivac  
  133  19:43  Medivac  
  140  19:50  Marine  
  140  19:52  Supply Depot  
  141  19:56  Marine x3  
  141  19:58  Marauder  
  146  20:03  SCV  
  147  20:08  Marine  
  147  20:12  Medivac  
  147  20:13  Medivac  
  147  20:14  Marine x3  
  152  20:15  SCV  
  152  20:20  Marauder  
  158  20:26  Marine  
  158  20:27  SCV  
  160  20:31  Marine  
  160  20:32  Marine  
  162  20:41  Marine  
  163  20:43  Starport Reactor  
  163  20:44  Starport Tech Lab  
  163  20:57  Terran Infantry Armor Level 3  
  163  21:03  Supply Depot  
  163  21:04  Marauder  
  165  21:26  Marine x2, Marauder  
  165  21:27  Marine x2  
  171  21:36  Terran Infantry Weapons Level 2  
  171  21:43  Marine  
  171  21:44  Marine  
  173  22:08  Supply Depot  
  89  23:29  Marine  
  89  23:30  Marine x4  
  94  23:47  Marine  
  94  23:48  Marine x4  
  99  24:05  Marine  
  99  24:06  Marine x4  
Show
View Real Time Build Order
Export as new Build Order

Krazydreamer Protoss - Winner!

Build Orders:  

Get SALT Encoding   

  12  0:01  Probe (Chrono Boost)  
  13  0:12  Probe (Chrono Boost)  
  14  0:18  Pylon  
  14  0:23  Probe (Chrono Boost)  
  15  0:30  Assimilator  
  15  0:44  Gateway  
  15  0:45  Probe (Chrono Boost)  
  16  0:55  Probe (Chrono Boost)  
  17  1:10  Forge, Probe (Chrono Boost)  
  18  1:21  Pylon, Probe (Chrono Boost)  
  19  1:27  Assimilator  
  19  1:31  Probe (Chrono Boost)  
  20  1:35  Zealot  
  22  1:42  Probe (Chrono Boost)  
  23  1:49  Pylon  
  23  1:56  Pylon  
  23  2:16  Photon Cannon  
  23  2:20  Pylon  
  22  2:31  Probe (Chrono Boost)  
  23  2:42  Probe (Chrono Boost)  
  23  2:43  Cybernetics Core  
  24  2:48  Photon Cannon  
  24  2:52  Probe (Chrono Boost)  
  25  3:03  Probe (Chrono Boost)  
  26  3:14  Probe (Chrono Boost)  
  27  3:25  Twilight Council  
  29  3:27  Mothership Core (Chrono Boost)  
  29  3:51  Pylon  
  29  3:55  Pylon  
  29  3:58  Pylon  
  28  4:06  Stargate  
  28  4:15  Nexus  
  28  4:24  Charge  
  28  4:29  Probe (Chrono Boost)  
  29  4:47  Probe (Chrono Boost)  
  30  4:55  Gateway  
  30  4:57  Probe (Chrono Boost)  
  30  4:58  Gateway  
  31  5:08  Oracle  
  34  5:18  Probe (Chrono Boost)  
  35  5:30  Zealot  
  35  5:47  Dark Shrine  
  34  5:57  Zealot  
  36  6:33  Pylon  
  36  6:35  Pylon  
  36  6:37  Pylon  
  33  6:53  Zealot  
  34  6:58  Pylon  
  34  7:07  Zealot  
  34  7:20  Dark Templar  
  36  7:30  Pylon  
  36  7:34  Dark Templar  
  36  7:36  Nexus  
  36  7:59  Dark Templar  
  36  8:14  Dark Templar  
  36  8:39  Dark Templar  
  38  8:54  Oracle  
  41  9:20  Probe (Chrono Boost)  
  42  9:29  Void Ray  
  42  9:31  Probe (Chrono Boost)  
  47  9:36  Pylon  
  47  9:41  Probe (Chrono Boost)  
  47  9:44  Nexus  
  47  9:45  Zealot  
  48  9:52  Probe (Chrono Boost)  
  47  10:02  Probe (Chrono Boost)  
  48  10:12  Void Ray  
  48  10:13  Probe (Chrono Boost)  
  51  10:15  Mothership Core (Chrono Boost)  
  51  10:16  Zealot  
  55  10:23  Probe (Chrono Boost)  
  56  10:34  Probe (Chrono Boost)  
  57  10:44  Probe (Chrono Boost)  
  56  10:55  Fleet Beacon  
  56  10:58  Probe (Chrono Boost)  
  57  11:06  Probe (Chrono Boost)  
  57  11:09  Probe (Chrono Boost)  
  59  11:13  Assimilator  
  59  11:16  Probe (Chrono Boost)  
  59  11:17  Assimilator  
  60  11:19  Assimilator  
  60  11:20  Probe (Chrono Boost)  
  60  11:22  Assimilator  
  60  11:24  Zealot  
  63  11:27  Probe (Chrono Boost)  
  63  11:30  Probe (Chrono Boost)  
  65  11:37  Probe (Chrono Boost)  
  64  11:41  Probe (Chrono Boost)  
  65  11:48  Probe (Chrono Boost)  
  65  11:51  Probe (Chrono Boost)  
  67  12:10  Dark Templar x3  
  67  12:15  Carrier  
  79  12:21  Probe (Chrono Boost)  
  80  12:29  Probe (Chrono Boost)  
  81  12:31  Probe (Chrono Boost)  
  82  12:40  Probe (Chrono Boost)  
  82  12:42  Probe (Chrono Boost)  
  84  12:49  Dark Templar, Zealot x2  
  84  12:50  Probe (Chrono Boost)  
  89  12:52  Probe (Chrono Boost)  
  90  13:01  Probe (Chrono Boost)  
  90  13:03  Probe (Chrono Boost)  
  89  13:12  Probe (Chrono Boost)  
  90  13:16  Zealot  
  92  13:22  Probe (Chrono Boost)  
  92  13:25  Pylon  
  93  13:28  Pylon  
  93  13:31  Pylon  
  93  13:35  Zealot  
  93  13:36  Probe (Chrono Boost)  
  86  13:47  Probe (Chrono Boost)  
  75  13:57  Probe (Chrono Boost)  
  73  14:19  Probe (Chrono Boost)  
  74  14:27  Pylon  
  74  14:28  Pylon  
  74  14:29  Probe (Chrono Boost)  
  75  14:32  Pylon  
  75  14:34  Nexus  
  75  14:40  Pylon, Probe (Chrono Boost)  
  75  14:42  Pylon  
  76  14:49  Dark Templar x2  
  76  14:50  Dark Templar, Probe (Chrono Boost)  
  83  14:54  Tempest  
  83  14:59  Protoss Ground Weapons Level 1  
  87  15:01  Probe (Chrono Boost)  
  87  15:02  Protoss Air Weapons Level 1  
  88  15:21  Nexus  
  90  15:29  Mothership Core (Chrono Boost), Dark Templar, Zealot x2  
  96  15:36  Anion Pulse-Crystals  
  96  15:53  Assimilator  
  96  15:56  Zealot x2  
  100  15:57  Probe (Chrono Boost)  
  100  15:58  Assimilator  
  101  16:05  Assimilator  
  101  16:07  Assimilator  
  101  16:08  Probe (Chrono Boost), Zealot  
  101  16:10  Pylon  
  104  16:20  Carrier  
  104  16:23  Zealot  
  104  16:25  Probe (Chrono Boost)  
  113  16:35  Stargate  
  113  16:36  Probe (Chrono Boost)  
  114  16:40  Stargate, Graviton Catapult  
  114  16:44  Stargate  
  114  16:46  Pylon  
  114  16:49  Pylon  
  114  16:52  Pylon, Photon Cannon  
  114  16:54  Pylon  
  114  16:55  Photon Cannon  
  114  17:04  Probe (Chrono Boost)  
  115  17:15  Probe (Chrono Boost)  
  116  17:25  Probe (Chrono Boost)  
  117  17:36  Probe (Chrono Boost)  
  118  17:41  Gateway  
  118  17:42  Protoss Air Weapons Level 2  
  118  17:44  Protoss Ground Weapons Level 2, Gateway  
  118  17:45  Nexus, Gateway  
  118  17:46  Probe (Chrono Boost)  
  118  17:48  Gateway  
  119  17:52  Gateway  
  119  17:53  Gateway  
  119  17:57  Probe (Chrono Boost)  
  126  18:09  Pylon  
  126  18:19  Probe (Chrono Boost)  
  127  18:30  Nexus, Probe (Chrono Boost)  
  127  18:32  Pylon  
  128  18:36  Assimilator  
  128  18:40  Assimilator, Probe (Chrono Boost)  
  129  18:41  Zealot x2  
  129  18:42  Dark Templar  
  135  18:49  Robotics Facility  
  135  18:51  Probe (Chrono Boost)  
  136  19:01  Probe (Chrono Boost)  
  131  19:50  Observer  
  132  19:58  Protoss Air Armor Level 1  
  132  19:59  Nexus  
  132  20:01  Protoss Ground Armor Level 1  
  132  20:02  Zealot x3  
  132  20:03  Dark Templar, Zealot x2  
  132  20:04  Dark Templar  
  146  20:12  Observer  
  147  20:29  Dark Templar  
  147  20:30  Dark Templar, Zealot x3  
  147  20:33  Observer  
  158  20:42  Stalker  
  158  20:43  Stalker  
  162  20:54  Observer  
  162  20:57  Stalker x3, Carrier  
  165  20:58  Carrier  
  181  21:07  Stargate  
  181  21:08  Stalker x2  
  181  21:10  Stargate  
  185  21:12  Stalker  
  185  21:13  Stargate  
  185  21:15  Warp Prism  
  189  21:18  Pylon  
  189  21:21  Pylon, Tempest  
  193  21:28  Probe (Chrono Boost)  
  194  21:35  Pylon  
  194  21:37  Probe (Chrono Boost)  
  194  21:38  Probe (Chrono Boost)  
  196  21:48  Probe x2 (Chrono Boost)  
  196  21:49  Probe (Chrono Boost)  
  196  21:53  Protoss Air Weapons Level 3  
  199  21:55  Protoss Shields Level 1  
  199  21:58  Probe (Chrono Boost)  
  148  22:51  Zealot x2  
  148  22:52  Zealot x5  
  140  23:19  Dark Templar x5, Zealot x2  
  152  23:46  Zealot x2  
  154  23:58  Zealot x5  
  164  24:13  Zealot  
  164  24:14  Zealot  
  160  24:24  Zealot x2  
  160  24:25  Dark Templar, Zealot x4  
  170  24:39  Mothership Core (Chrono Boost)  
  170  24:40  Zealot  
  170  24:41  Zealot  
Tags
 
Add a new tag
Caveats
  • Supply blocks, unpowered buildings, or Contaminate may cause inaccurate times.
  • Supply counts are checked every 10 seconds.